 Dungeon Crawl Stone Soup version 0.29.1-15-g9cfb28693d (webtiles) character file.

Game seed: 2738790303342070187

74 pokedragonboy the Sneak (level 4, 0/24 HPs)
             Began as a Vampire Enchanter on Mar 13, 2023.
             Succumbed to an adder's poison
             ... on level 2 of the Dungeon.
             The game lasted 00:04:15 (1921 turns).

pokedragonboy the Sneak (Vampire Enchanter)         Turns: 1921, Time: 00:04:16

Health: 0/24       AC:  2    Str:  7    XL:     4   Next: 10%
Magic:  7/7        EV: 13    Int: 17    God:
Gold:   93         SH:  0    Dex: 16    Spells: 2/7 levels left

rFire   . . .      SeeInvis +   k - +0 short sword
rCold   . . .      Faith    .   (no shield)
rNeg    . . .      Spirit   .   b - +0 robe
rPois   .          Reflect  .   (no helmet)
rElec   .          Harm     .   (no cloak)
rCorr   .          Rampage  .   (no gloves)
Will    .....                   (no boots)
Stlth   +++.......              (no amulet)
HPRegen 0.28/turn               (no ring)
MPRegen 0.10/turn               (no ring)

@: lethally poisoned (0 -> -1), attractive, healing quickly, hasted, very quick
A: alive, fangs 3, see invisible, vampiric 2, deterioration 1, [frail 2]
a: Exsanguinate


You were on level 2 of the Dungeon.
You visited 1 branch of the dungeon, and saw 2 of its levels.

You collected 93 gold pieces.

Inventory:

Hand Weapons
 k - a +0 short sword (weapon)
Armour
 b - a +0 robe (worn)
Magical Staves
 h - a staff of cold
Scrolls
 d - a scroll of enchant armour {unknown}
 i - 5 scrolls of teleportation {unknown}
 j - a scroll of enchant weapon {unknown}
Potions
 c - 2 potions of invisibility
 g - a potion of haste


   Skills:
 * Level 2.8 Short Blades
 + Level 2.9 Dodging
 * Level 6.0 Stealth
 - Level 2.0 Spellcasting
 - Level 4.4 Hexes


You had 2 spell levels left.
You knew the following spells:

 Your Spells              Type           Power      Damage    Failure   Level
a - Ensorcelled Hibernat  Hex/Ice        18%        N/A       12%         2
b - Tukima's Dance        Hex            16%        N/A       10%         3

Your spell library contained the following spells:

 Spells                   Type           Power      Damage    Failure   Level
 Confusing Touch          Hex            16%        N/A       10%         3
 Dazzling Flash           Conj/Hex       18%        N/A       24%         3


Dungeon Overview and Level Annotations

Branches:
Dungeon (2/15)

Altars:

Shops:
D:2 [?


Innate Abilities, Weirdness & Mutations

Your natural rate of healing is accelerated.
You have razor-sharp teeth.
You have supernaturally acute eyesight. (SInv)
You are afflicted with vampirism and can become a bat while bloodless.
Your body sometimes deteriorates upon taking damage.
[You are very frail. (-20% HP)]


Message History

You are poisoned.
The adder poisons you!
You miss the adder.
The adder is almost dead.
You feel sick. The hobgoblin hits you.
* * * LOW HITPOINT WARNING * * *
The adder misses you.
You are too injured to fight recklessly!
You are too injured to fight recklessly!
You are too injured to fight recklessly!
You are too injured to fight recklessly!
You are too injured to fight recklessly!
You are too injured to fight recklessly!
You closely miss the adder.
The adder is almost dead.
You feel sick. The hobgoblin hits you.
* * * LOW HITPOINT WARNING * * *
The adder bites you.
* * * LOW HITPOINT WARNING * * *
It was a potion of haste.
You feel yourself speed up.
* * * LOW HITPOINT WARNING * * *
You feel sick. The adder closely misses you. The hobgoblin barely misses you.
The adder misses you.
It was a potion of mutation.
You feel extremely strange.
You feel less in control of your magic.
You feel a hidden potential growing inside you.
* * * LOW HITPOINT WARNING * * *
You feel sick. The hobgoblin barely misses you. The adder closely misses you.
Okay, then.
Okay, then.
It was a potion of attraction.
You feel attractive to monsters. The hobgoblin closely misses you.
The adder barely misses you.
Okay, then.
Really quaff the potion of mutation?
You feel extremely strange.
You regain control of your magic.
You no longer feel a hidden potential within.
You feel yourself wasting away.
You die...

...#### #######.####
.....# #######.#####
.###................#
.# ######...##.###.#
.# #... ...# #.# .#
... ###.# #.# .# ##
#.###.# #.
?#8.##g#...#
#...8.S@.###
.8...##..# ##. #..#
#..# ...# #...# .#..#
##...#


You could see an adder and a hobgoblin.

Vanquished Creatures
  2 gnolls
  An adder (D:2)
  A dart slug (D:1)
  4 bats
  2 endoplasms (D:1)
  3 giant cockroaches (D:1)
  3 hobgoblins (D:1)
  4 jackals (D:2)
  3 quokkas (D:1)
  2 ball pythons (D:1)
  A frilled lizard (D:1)
  6 goblins (D:1)
  5 kobolds
  6 rats
43 creatures vanquished.

Notes
Turn   | Place    | Note
-------+----------+-------------------------------------------
     0 | D:1      | pokedragonboy the Vampire Enchanter began the quest for the
                  | Orb.
     0 | D:1      | Reached XP level 1. HP: 13/13 MP: 3/3
   583 | D:1      | Reached XP level 2. HP: 11/17 MP: 5/5
   703 | D:1      | Reached skill level 5 in Stealth
  1048 | D:1      | Gained mutation: You are afflicted with vampirism and can
                  | become a bat while bloodless. [Vampire growth]
  1048 | D:1      | Reached XP level 3. HP: 19/19 MP: 6/6
  1381 | D:2      | Found Xodumad's Magic Scroll Emporium.
  1486 | D:2      | Found Mercho Rakk's Antique Armour Shop.
  1510 | D:2      | Found a faded altar of an unknown god.
  1595 | D:1      | Reached skill level 6 in Stealth
  1595 | D:1      | Reached XP level 4. HP: 16/24 MP: 7/7
  1626 | D:1      | Learned a level 2 spell: Ensorcelled Hibernation
  1630 | D:1      | Learned a level 3 spell: Tukima's Dance
  1919 | D:2      | Gained mutation: Your spells are a little harder to cast,
                  | but a little more powerful. [potion of mutation]
  1919 | D:2      | Gained mutation: You have hidden genetic potential. [potion
                  | of mutation]
  1919 | D:2      | HP: 1/24 [poisoned by an adder]
  1921 | D:2      | Lost mutation: Your spells are a little harder to cast, but
                  | a little more powerful. [potion of mutation]
  1921 | D:2      | Lost mutation: You have hidden genetic potential. [potion
                  | of mutation]
  1921 | D:2      | Gained mutation: Your body sometimes deteriorates upon
                  | taking damage. [potion of mutation]
  1921 | D:2      | Succumbed to an adder's poison

Illustrated notes

Levels and vault maps discovered:
D:1:      dpeg_arrival_rooms_a, layout_loops_ring, chequers_mini_garden
D:2:      layout_loops_ring, hellmonk_ecumenical_altar_blasted, serial_shops,
          nicolae_shop_waterfront, shop, nicolae_square_shop,
          minmay_heptomino_o4, uniq_sigmund

Skill      XL: |  1  2  3 |
---------------+----------+-----
Stealth        | 5 6 |  6.0
Short Blades   | 2 |  2.8
Dodging        | |  2.9
Spellcasting   | |  2.0
Hexes          | |  4.4

Action                   |  1- 3 |  4- 6 || total
-------------------------+-------+-------++-------
Melee: Dagger            |    94 |       ||    94
       Bite              |    11 |     1 ||    12
       Punch             |     2 |       ||     2
       Short sword       |    36 |    11 ||    47
 Abil: Exsanguinate      |     2 |       ||     2
       Revivify          |     2 |       ||     2
  Use: Potion            |       |     4 ||     4
 Stab: Sleeping          |    13 |       ||    13
Armor: Robe              |    15 |       ||    15
Dodge: Dodged            |    67 |    14 ||    81
